 Dungeon Crawl Stone Soup version 0.30.0-5-g1a98f26d00 (webtiles) character file.

Game seed: 3460580477327246124

38218 olmar the Protected (level 13, -15/118 HPs)
             Began as an Armataur Fighter on May 9, 2023.
             Was an Initiate of Gozag.
             Demolished by a catoblepas (80 damage)
             ... on level 5 of the Lair of Beasts.
             The game lasted 00:36:48 (21431 turns).

olmar the Protected (Armataur Fighter)             Turns: 21431, Time: 00:36:49

Health: -15/118    AC: 20    Str: 29    XL:     13   Next: 62%
Magic:  13/13      EV:  1    Int: 12    God:    Gozag
Gold:   969        SH:  0    Dex: 10    Spells: 12/12 levels left

rFire   + . .        a - +1 flail (flame)
rCold   + . .        T - +0 kite shield
rNeg    . . .        Z - +1 chain mail {rPois}
rPois   +            O - +1 hat {Will+}
rElec   .            d - scarf of Xiyph {rC+ rF+, -Tele Regen+ Int+3 SInv}
rCorr   .            D - +1 pair of gloves
SInv    +            (no barding)
Will    ++...        U - amulet of Ipa Xog {Acrobat Will+ Str+3} Stlth
                     f - +5 ring of evasion
HPRegen 1.19/turn    i - +4 ring of protection
MPRegen 0.13/turn

%: no teleportation, acrobat, roll
@: lethally poisoned (-15 -> -16), sleeping
A: large, rugged brown scales 3, deformed body, armoured tail, roll, long
tongue, awkward tongue
a: Renounce Religion, Potion Petition, Call Merchant, Bribe Branch


You were on level 5 of the Lair of Beasts.
You worshipped Gozag.
Gozag was pleased with you.
You visited 3 branches of the dungeon, and saw 18 of its levels.
You also visited: Ossuary.

You collected 4219 gold pieces.
You spent 513 gold pieces at shops.
You paid 2737 gold pieces to Gozag.

Inventory:

Hand Weapons
 a - a +1 flail of flaming (weapon)
 c - a +3 flail
 e - a +0 antimagic whip
 H - a +2 mace of holy wrath
Missiles
 L - 27 poisoned darts
 R - a throwing net
Armour
 d - the scarf of Xiyph (worn) {rC+ rF+, -Tele Regen+ Int+3 SInv}
   (You acquired it on level 3 of the Lair of Beasts)

   Int:       It affects your intelligence (+3).
   SInv:      It lets you see invisible.
   -Tele:     It prevents most forms of teleportation.
   Regen:     It increases your rate of health regeneration.
 D - a +1 pair of gloves (worn)
 O - a +1 hat of willpower (worn)
 T - a +0 kite shield (worn)
 Z - a +1 chain mail of poison resistance (worn)
Jewellery
 f - a +5 ring of evasion (left hand)
 i - a +4 ring of protection (right hand)
 n - an amulet of magic regeneration
 q - an amulet of reflection
 y - a ring of protection from fire
 G - a ring of poison resistance
 N - a ring of ice
 P - a ring of resist corrosion
 S - a +6 ring of intelligence
 U - the amulet of Ipa Xog (around neck) {Acrobat Will+ Str+3}
   (You found it on level 2 of the Lair of Beasts)

   [amulet of the acrobat]

   It increases your evasion while moving and waiting.
   Str:       It affects your strength (+3).
   Will:      It increases your willpower.
Wands
 J - a wand of polymorph (1)
 Q - a wand of charming (19)
Scrolls
 b - a scroll of summoning
 g - 3 scrolls of identify
 h - 3 scrolls of fear
 j - a scroll of teleportation
 k - 4 scrolls of enchant weapon
 l - 5 scrolls of vulnerability
 p - 2 scrolls of amnesia
 v - a scroll of poison
 w - 3 scrolls of blinking
 A - 3 scrolls of noise
 E - 2 scrolls of immolation
 V - a scroll of magic mapping
 W - a scroll of enchant armour
 X - a scroll of fog
 Y - a scroll of brand weapon
Potions
 m - 4 potions of haste
 o - 2 potions of cancellation
 r - a potion of mutation
 s - 3 potions of curing
 t - 2 potions of lignification
 u - 2 potions of flight
 x - a potion of degeneration
 z - 4 potions of attraction
 B - 4 potions of brilliance
 C - 2 potions of invisibility
 F - 3 potions of ambrosia
 I - a potion of heal wounds
 M - 4 potions of resistance


   Skills:
 + Level 9.4 Fighting
 + Level 12.8 Maces & Flails
 + Level 13.2 Armour
 - Level 5.0 Dodging
 - Level 4.4 Stealth
 + Level 11.5 Shields
 + Level 3.4 Evocations


You had 12 spell levels left.
You didn't know any spells.
Your spell library contained the following spells:

 Spells                   Type           Power      Damage    Failure   Level
 Beastly Appendage        Tmut           0%         N/A       83%         1
 Blink                    Tloc           0%         N/A       93%         2
 Ensorcelled Hibernation  Hex/Ice        0%         N/A       93%         2
 Lesser Beckoning         Tloc           0%         N/A       93%         2
 Momentum Strike          Conj/Tloc      0%         3d8       93%         2
 Sublimation of Blood     Necr           0%         N/A       93%         2
 Wereblood                Tmut           0%         N/A       93%         2
 Spider Form              Tmut/Pois      0%         N/A       99%         3
 Stone Arrow              Conj/Erth      0%         3d7       99%         3
 Anguish                  Hex/Necr       0%         N/A       100%        4
 Animate Armour           Summ/Erth      0%         N/A       100%        4
 Petrify                  Tmut/Erth      0%         N/A       100%        4
 Irradiate                Conj/Tmut      0%         3d11      100%        5
 Lehudib's Crystal Spear  Conj/Erth      0%         10d2      100%        8


Dungeon Overview and Level Annotations

Branches:
Dungeon (12/15)            Temple (1/1) D:4            Lair (5/5) D:8
 Shoals (0/4) Lair:3       Spider (0/4) Lair:3      Ossuary (visited)
  Slime: Lair:4-5       Orc: D:9-12

Altars:
Ashenzari
Dithmenos
Elyvilon
Fedhas
Gozag
Hepliaklqana
Kikubaaqudgha
Makhleb
Nemelex Xobeh
Qazlal
Ru
Sif Muna
Trog
Uskayaw
Vehumet
Xom
Yredelemnul
Zin
The Shining One

Shops:
D:3 !   D:8 !   Lair:4 (

Annotations:
D:3 1 runed translucent door, Crazy Yiuf
D:7 2 transporters, exclusions: ice statue and oklob plant, PerfectTommy's ghost, novice GnWn
D:8 exclusions: oklob plant and oklob sapling
D:12 Lodul; Urug


Innate Abilities, Weirdness & Mutations

You are completely covered in rugged brown scales. (AC +3, +7% HP)
Armour fits poorly on your strangely shaped body.
You have a long armoured tail.
You roll when moving toward enemies. (Rampage)
Your long tongue fully drains potion bottles. (2x potion effects)
Your tongue gives you trouble enunciating. (1.5x scroll delay)


Message History

The blast of calcifying dust hits your cane toad but does no damage.
The blast of calcifying dust hits you.
The blast of calcifying dust hits the fungus!
A dream sheep comes into view.
Your cane toad is engulfed in calcifying dust.
Your cane toad is moving more slowly.
You block the wolf's attack.
Unknown command.
You feel sick.
The fungus is engulfed in calcifying dust.
The dream sheep ruffle their wool and motes of dream dust sparkle, to no effect.
The yak gores your cane toad.
Your cane toad is engulfed in calcifying dust.
Your cane toad stops moving altogether!
The wolf is engulfed in calcifying dust.
The wolf is moving more slowly.
You block the wolf's attack.
A blink frog comes into view.
Aiming: Charm
Press: ? - help, Shift-Dir - straight line, f - catoblepas, p - cane toad
Aim: a catoblepas (moderately wounded, extremely poisoned, ally target, chance to affect: 4%)
The catoblepas resists with almost no effort.
You feel sick.
The fungus is engulfed in calcifying dust.
A nearby fungus withers and dies.
The wolf is engulfed in calcifying dust.
The wolf stops moving altogether!
Your cane toad is engulfed in calcifying dust.
The dream sheep ruffle their wool and motes of dream dust sparkle, to no effect.
The dream sheep shake their wool and sparkle.
You feel drowsy...
You fall asleep.
Your cane toad is engulfed in calcifying dust.
The wolf is engulfed in calcifying dust.
You feel sick.
The dream sheep looks more healthy.
The wolf bites your cane toad!
Your cane toad is engulfed in calcifying dust.
The wolf is engulfed in calcifying dust.
The catoblepas gores you!!!!
Ouch! That really hurt!
You die...
Your body crumbles into a pile of gold.

#.............
####...........<
##.##............
#.####........... ####
#................
#..###........#.......
##....P.........(.....
###.............##.....
#P...h@.........# #.
##..l§Y...........
#Y#F$FYP........#P.
#.#$$Yh((....##....
#..Y.Y(.....##
#.F..........#
#............#
......Y....#.#
.........P..#


You could see a catoblepas (extremely poisoned, ally target), a komodo dragon
(poisoned), 3 yaks, 2 blink frogs, 2 wolves, 3 dream sheep and a friendly cane
toad (charmed, petrified).

Vanquished Creatures
  A fire dragon (D:11)
  4 hydras
  An ice dragon (Lair:4)
  A two-headed ogre (D:8)
  2 death yaks (Lair:4)
  A skyshark (Lair:5)
  A sea snake (D:11)
  A glowing orange brain (Lair:2)
  A deep elf pyromancer (D:10)
  A wolf spider (Lair:3)
  Joseph (D:7)
  4 elephants
  5 black mambas
  A merfolk siren (Lair:3)
  2 torpor snails
  A gargoyle (D:11)
  9 cane toads
  9 komodo dragons
  A kobold demonologist (D:11)
  An unseen horror (D:10)
  3 rime drakes
  4 hornets
  3 trolls
  A polar bear (Lair:4)
  3 blink frogs (Lair:5)
  8 dream sheep
  Sigmund (D:3)
  3 slime creatures (D:11)
  40 yaks
  A wraith (D:10)
  3 wyverns
  A vampire (D:9)
  3 basilisks
  3 vampire mosquitoes (D:11)
  2 steam dragons (D:6)
  Duvessa (D:7)
  2 acid dragons
  17 water moccasins
  8 orc warriors
  A black bear (D:8)
  4 ogres
  6 wolves
  2 centaurs
  A phantom (D:4)
  3 kobold brigands
  A lemure (D:7)
  Blork the orc (D:6)
  3 gnoll sergeants
  5 bullfrogs
  A scorpion (D:5)
  Dowan (D:7)
  16 killer bees
  4 howler monkeys
  A lava snake (D:9)
  3 hounds
  3 jellies (D:5)
  8 orc priests
  A gnoll bouda (D:7)
  Jessica (D:3)
  3 iguanas
  7 orc wizards
  2 mummies (Ossuary)
  18 gnolls
  15 adders
  2 shadow imps
  2 white imps
  5 adder zombies (Ossuary)
  3 worms
  3 dart slugs
  30 orcs
  10 ball pythons
  6 bats
  6 endoplasms
  5 giant cockroaches
  A gnoll zombie (Ossuary)
  4 goblins
  3 hobgoblins
  14 jackals (D:1)
  8 quokkas
  3 frilled lizards
  3 goblin zombies (Ossuary)
  A hobgoblin zombie (Ossuary)
  19 kobolds
  4 kobold zombies (Ossuary)
  A quokka zombie (Ossuary)
  7 rats
  3 rat zombies (Ossuary)
409 creatures vanquished.

Vanquished Creatures (collateral kills)
  Pikel (D:7)
  A komodo dragon (Lair:5)
  A troll (D:11)
  A water moccasin (Lair:5)
  3 lemures (D:7)
  A centaur (D:11)
  2 white imps (Lair:4)
  3 orcs
13 creatures vanquished.

Vanquished Creatures (others)
  A yak (D:11)
  An acid dragon (D:11)
  An orc warrior (D:11)
  An iguana (D:6)
  A mummy (Ossuary)
5 creatures vanquished.

Grand Total: 427 creatures vanquished

Notes
Turn   | Place    | Note
-------+----------+-------------------------------------------
     0 | D:1      | olmar the Armataur Fighter began the quest for the Orb.
     0 | D:1      | Reached XP level 1. HP: 19/19 MP: 1/1
    60 | D:1      | Reached XP level 2. HP: 23/26 MP: 2/2
    95 | D:1      | Reached XP level 3. HP: 25/33 MP: 3/3
   430 | D:1      | Reached skill level 4 in Armour
   854 | D:2      | Reached XP level 4. HP: 40/40 MP: 4/4
  1559 | D:3      | Found Beemnoad's Distillery.
  1565 | D:3      | Noticed Jessica
  1572 | D:3      | Killed Jessica
  1573 | D:3      | Reached XP level 5. HP: 46/48 MP: 5/5
  1600 | D:3      | Bought a potion of curing for 33 gold pieces
  1600 | D:3      | Bought a potion of lignification for 33 gold pieces
  1600 | D:3      | Bought a potion of flight for 33 gold pieces
  1696 | D:3      | Noticed Sigmund
  1711 | D:3      | Killed Sigmund
  1712 | D:3      | Reached skill level 1 in Dodging
  1712 | D:3      | Reached XP level 6. HP: 29/54 MP: 6/6
  2382 | D:3      | Found a runed translucent door.
  2383 | D:3      | Noticed Crazy Yiuf
  2533 | D:4      | Found a staircase to the Ecumenical Temple.
  2540 | Temple   | Entered the Ecumenical Temple
  2581 | Temple   | Became a worshipper of Gozag Ym Sagoz the Greedy
  2620 | D:4      | Reached skill level 5 in Armour
  2648 | D:4      | Reached XP level 7. HP: 42/62 MP: 7/7
  2853 | D:4      | Reached skill level 5 in Maces & Flails
  3042 | D:4      | Found a sparkling altar of Nemelex Xobeh.
  3051 | D:4      | Found a hide-covered altar of Uskayaw.
  3152 | D:5      | Entered Level 5 of the Dungeon
  3234 | D:5      | Found an ancient bone altar of Kikubaaqudgha.
  3717 | D:5      | Reached skill level 1 in Stealth
  4126 | D:6      | Reached skill level 6 in Armour
  4126 | D:6      | Reached skill level 5 in Shields
  4126 | D:6      | Reached XP level 8. HP: 51/70 MP: 8/8
  4229 | D:6      | Found a sand-covered staircase.
  4230 | D:6      | Noticed Blork the orc
  4234 | D:6      | Killed Blork the orc
  4240 | Ossuary  | Entered an ossuary
  5295 | D:7      | Noticed a boulder beetle
  5295 | D:7      | Noticed Joseph
  5315 | D:7      | Killed Joseph
  5316 | D:7      | Reached skill level 7 in Armour
  5316 | D:7      | Reached XP level 9. HP: 48/77 MP: 9/9
  5405 | D:7      | Noticed an oklob plant
  5409 | D:7      | Found a transporter.
  5412 | D:7      | Noticed PerfectTommy's ghost (novice GnWn)
  5417 | D:7      | Found a transporter.
  5599 | D:7      | Noticed an ice statue
  5714 | D:7      | Noticed Duvessa
  5714 | D:7      | Noticed Dowan
  5716 | D:7      | Noticed Pikel
  5725 | D:7      | Killed Dowan
  5739 | D:7      | Killed Pikel
  5821 | D:7      | Killed Duvessa
  5822 | D:7      | Reached skill level 1 in Evocations
  5943 | D:7      | Reached skill level 8 in Armour
  6429 | D:8      | Noticed a two-headed ogre
  6439 | D:8      | Killed a two-headed ogre
  6440 | D:8      | Reached skill level 5 in Fighting
  6485 | D:8      | Reached XP level 10. HP: 33/86 MP: 10/10
  6524 | D:8      | Paralysed by a hornet for 2 turns
  6670 | D:8      | Found a staircase to the Lair.
  7743 | D:8      | Reached skill level 9 in Armour
  7848 | D:8      | Noticed an oklob plant
  8021 | D:8      | You fall into a shaft and drop 3 floors!
  8040 | D:11     | Noticed a soul eater
  8043 | D:11     | Noticed a gargoyle
  8147 | D:11     | Killed a gargoyle
  8760 | D:10     | Entered Level 10 of the Dungeon
  8996 | D:10     | Noticed a deep elf pyromancer
  9014 | D:10     | Killed a deep elf pyromancer
  9015 | D:10     | Reached XP level 11. HP: 60/97 MP: 11/11
 10085 | D:8      | Found a glowing silver altar of Zin.
 10085 | D:8      | Found a glowing golden altar of the Shining One.
 10405 | D:8      | Bought 2 potions of resistance for 360 gold pieces
 10405 | D:8      | Bought a potion of curing for 54 gold pieces
 10419 | D:9      | Reached skill level 10 in Maces & Flails
 12211 | D:10     | Reached skill level 10 in Armour
 13150 | Lair:1   | Entered Level 1 of the Lair of Beasts
 13361 | Lair:1   | Noticed a seven-headed hydra
 13371 | Lair:1   | Killed a seven-headed hydra
 14362 | Lair:1   | Reached XP level 12. HP: 45/107 MP: 12/12
 14666 | Lair:1   | Reached skill level 11 in Armour
 15371 | D:12     | Noticed Lodul
 16160 | Lair:2   | Identified the amulet of Ipa Xog {Acrobat Will+ Str+3}
 16192 | Lair:2   | Reached skill level 5 in Dodging
 16446 | Lair:2   | Reached skill level 10 in Shields
 17647 | D:12     | Noticed Urug
 18168 | D:11     | a slime creature changed into a fire dragon
 18168 | D:11     | Noticed a fire dragon
 18196 | D:11     | Killed a fire dragon
 18356 | D:11     | Reached skill level 12 in Armour
 19053 | Lair:3   | Found a hole to the Spider Nest.
 19150 | Lair:3   | Noticed a five-headed hydra
 19151 | Lair:3   | Identified a scroll of acquirement
 19164 | Lair:3   | Killed a five-headed hydra
 19167 | Lair:3   | Acquired the scarf of Xiyph {rC+ rF+, -Tele Regen+ Int+3
                  | SInv}
 19388 | Lair:3   | Found a staircase to the Shoals.
 19551 | Lair:3   | Reached XP level 13. HP: 115/115 MP: 13/13
 20886 | Lair:5   | Entered Level 5 of the Lair of Beasts
 21274 | Lair:5   | Reached skill level 13 in Armour
 21431 | Lair:5   | Demolished by a catoblepas

Illustrated notes

Levels and vault maps discovered:
D:1:      grunt_arrival_lava_bath, layout_basic, st_stairs_10
D:2:      layout_basic
D:3:      layout_rooms, serial_shops, shop, minmay_fractal_squares_gapless_5,
          uniq_sigmund, uniq_crazy_yiuf_cottage, uniq_jessica
D:4:      layout_cave_pools, mainiacjoe_overflow_swirl, temple_green
D:5:      layout_basic, amcnicky_altar_gilded, eino_tiny_chamber
D:6:      kennysheep_steamy, layout_basic, enter_ossuary_1,
          minmay_misc_feat_rows, uniq_blork_the_orc
D:7:      layout_loops_ring, nzn_ghost_randoct, minmay_between, uniq_pikel,
          uniq_joseph, uniq_duvessa
D:8:      layout_loops_corners, gammafunk_temple_overflow_elements,
          due_lair_maze_entry_diamond, introduction_to_nature_2
D:9:      layout_rooms, kennysheep_generic_room_9
D:10:     layout_loops_cross
D:11:     layout_basic
D:12:     minmay_spotlight, layout_cave_pools, david_orc_5, tgw_sif, uniq_lodul,
          uniq_urug
Temple:   nicolae_temple_bog_church
Lair:1:   layout_gridlike, beast_lair_carwin_11
Lair:2:   layout_loops_ring, grunt_megastairs_5
Lair:3:   layout_roguey, minmay_shoals_entry_lonely_mermaid,
          spider_nest_entry_rubble, serial_bayou_shore_b,
          infiniplex_staircase_pool
Lair:4:   layout_regular_city, bobbens_ice_dragon_lair
Lair:5:   hangedman_lair_in_review, layout_cave_shapes,
          minmay_slime_entry_jelly_boxes, lemuel_fruit_tree

Skill      XL: |  1  2  3  4  5  6  7  8  9 10 11 12 13 |
---------------+----------------------------------------+-----
Maces & Flails | 2 3 4 5 7 8 9 10 12 | 12.8
Fighting       | 3 4 5 6 7 8 9 |  9.4
Armour         | 4 5 6 7 8 9 10 12 13 | 13.2
Shields        | 4 5 6 7 9 10 11 | 11.5
Dodging        | 1 2 3 4 5 |  5.0
Stealth        | 1 2 4 |  4.4
Evocations     | 1 2 3 |  3.4

Action                     |  1- 3 |  4- 6 |  7- 9 | 10-12 | 13-15 || total
---------------------------+-------+-------+-------+-------+-------++-------
  Melee: Flail             |   173 |   173 |   279 |   755 |   235 ||  1615
         Tailslap          |    21 |    10 |    48 |   152 |    50 ||   281
         Mace              |       |       |       |   318 |       ||   318
  Throw: Dart              |       |       |       |     3 |       ||     3
 Invoke: Potion Petition   |       |       |       |     2 |       ||     2
         Call Merchant     |       |       |       |     1 |     1 ||     2
  Evoke: Wand              |       |       |    10 |    28 |     7 ||    45
    Use: Scroll            |     2 |     7 |    13 |    12 |     3 ||    37
         Potion            |       |     1 |     2 |    17 |     2 ||    22
   Stab: Distracted        |       |       |     2 |     1 |     3 ||     6
         Invisible         |       |       |       |     5 |     4 ||     9
 Armour: Scale mail        |    80 |    79 |    96 |   295 |       ||   550
         Chain mail        |       |       |       |    91 |   103 ||   194
  Dodge: Dodged            |   114 |   101 |   142 |   612 |   125 ||  1094
  Block: Buckler           |    40 |    30 |    78 |   567 |    29 ||   744
         Reflection        |       |       |       |    19 |       ||    19
         Kite shield       |       |       |       |       |   101 ||   101
